AoeStats
← Gregory176144

Arena

510479367Analyzed
1v1 RM · 13h ago on Oct 1, 2026· 15m 10s· 2 players
Game mode
Random Map
Map size
Tiny (2 player)
Population
200
Speed
Normal
Resources
Standard
Victory
Conquest
Starting age
Dark Age
Ending age
Imperial Age
RankedLock teamsTeams togetherTeam positionsShared explorationLock speedFull tech treeHidden civsTurbo modeCheats
Victory
Defeat
🇦🇺 Slavs · Australia
1381
+18
🇦🇷 Bohemians · Argentina
1419
-18
roxbilly
9:47 Feudal Age
14:09 Castle Age
12:21 Loom
12:39 Double-Bit Axe
12:36 Horse Collar
Gregory176144
9:59 Feudal Age
12:09 Wheelbarrow
14:10 Castle Age
12:10 Horse Collar
13:17 Double-Bit Axe
15:54 Hand Cart
Connection lost

Rejoining the realm…

Still unreachable

The connection could not be restored.

Session expired

The server has moved on; the page needs a fresh start.